 Dungeon Crawl Stone Soup version 0.30-a0-777-ga9a30cbeda (webtiles) character file.

Game seed: 14013781210567169753

3172 demibob the Cleaver (level 9, -10/70 HPs)
             Began as a Hill Orc Berserker on Feb 15, 2023.
             Was a High Priest of Trog.
             Mangled by an orc warrior
             ... wielding a +0 glaive
              (28 damage)
             ... on level 7 of the Dungeon.
             The game lasted 00:09:09 (6251 turns).

demibob the Cleaver (Hill Orc Berserker)            Turns: 6251, Time: 00:09:09

Health: -10/70     AC: 18    Str: 24    XL:     9   Next: 94%
Magic:  9/9        EV:  7    Int:  7    God:    Trog [*****.]
Gold:   531        SH:  0    Dex: 10    Spells: 8/8 levels left

rFire   . . .      SeeInvis .    a - +0 war axe
rCold   . . .      Faith    +    (no shield)
rNeg    . . .      Spirit   .    e - +1 plate armour
rPois   .          Reflect  .    i - +0 helmet
rElec   .          Harm     .    u - +1 cloak
rCorr   .          Rampage  .    (no gloves)
Will    +....                    (no boots) Stlth
                                 j - amulet of faith {!P}
HPRegen 0.31/turn                W - ring of willpower
MPRegen 0.11/turn                (no ring)

@: on berserk cooldown, slowed, very slow
A: no striking features
a: Renounce Religion, Berserk, Trog's Hand, Brothers in Arms


You were on level 7 of the Dungeon.
You worshipped Trog.
Trog was extremely pleased with you.
You visited 1 branch of the dungeon, and saw 7 of its levels.

You collected 531 gold pieces.


   Skills:
 - Level 3.6 Fighting
 * Level 14.7 Axes
 + Level 8.8 Armour
 - Level 1.5 Dodging


You had 8 spell levels left.
You didn't know any spells.
Your spell library was empty.

Inventory:

Hand Weapons
 a - a +0 war axe (weapon)
 b - a +1 hand axe
Armour
 e - a +1 plate armour (worn)
 i - a +0 helmet (worn)
 u - a +1 cloak (worn)
Jewellery
 j - an amulet of faith (around neck) {!P}
 t - an amulet of regeneration
 W - a ring of willpower (left hand)
Wands
 l - a wand of polymorph (9)
 v - a wand of iceblast (7)
Scrolls
 m - 2 scrolls of teleportation {@r2}
 o - 2 scrolls of enchant weapon
 p - a scroll of butterflies
 q - a scroll of blinking
 r - a scroll of enchant armour
Potions
 c - a potion of might
 d - 3 potions of degeneration
 f - 2 potions of cancellation
 g - 2 potions of curing {@q1}
 h - 2 potions of mutation
 k - a potion of attraction {unknown}
 n - 2 potions of lignification
 s - a potion of berserk rage {!q}

Dungeon Overview and Level Annotations

Branches:
Dungeon (7/15)             Temple (0/1) D:7

Altars:
Cheibriados
Fedhas
Gozag
Qazlal

Annotations:
D:7 Menkaure

###########
###.....@.o)#
#...▒▒▒▒▒▒▒'▒
#.##▒.....†)).....▒
#.# ▒.............▒
#.# ▒.............▒
#.# ▒......▓M.....▒
#.# ▒....▓▓ ▓▓....▒
#.# ▒.... ....▒ #
#.# ▒...▓ ▓...▒


You could see an orc warrior (berserk).


Message History

Something hits you but does no damage.
You are too injured to fight recklessly!
You are too injured to fight recklessly!
You are too injured to fight recklessly!
Unknown command.
You are too injured to fight recklessly!
You miss something. You slash the white imp!
You kill the white imp!
Trog accepts your kill.
Menkaure calls on the powers of darkness!
The orc warrior convulses!
Something is bathed in an unholy light!
Your body is wracked with pain!
* * * LOW HITPOINT WARNING * * *
You slice something!! Trog accepts your kill.
Trog will now gift you melee weapons as you gain piety.
Trog appreciates your killing of a magic user.
Reactivating autopickup.
You feel a bit more experienced.
The orc warrior hits you but does no damage.
Menkaure calls on the powers of darkness!
The orc warrior convulses!
Your body is wracked with pain!
* * * LOW HITPOINT WARNING * * *
You feel a strong urge to attack something.
You are no longer berserk.
You are exhausted.
You feel yourself slow down.
You feel better.
The orc warrior hits you from afar with a +0 glaive!!
You die...

Skill      XL: |  1  2  3  4  5  6  7  8  9 |
---------------+----------------------------+-----
Axes           | 5 6 7 9 10 12 14 | 14.7
Armour         | 3 4 5 7 8 |  8.8
Fighting       | |  3.6
Dodging        | |  1.5

Action                     |  1- 3 |  4- 6 |  7- 9 || total
---------------------------+-------+-------+-------++-------
  Melee: Hand axe          |    81 |   192 |   216 ||   489
         Punch             |     1 |     3 |     5 ||     9
         War axe           |       |       |   257 ||   257
 Invoke: Berserk           |     1 |     2 |     9 ||    12
    Use: Scroll            |       |    12 |     6 ||    18
         Potion            |       |       |     2 ||     2
 Armour: Animal skin       |    10 |       |       ||    10
         Plate armour      |    37 |   132 |   234 ||   403
  Dodge: Dodged            |    43 |    78 |   146 ||   267

Levels and vault maps discovered:
D:1:      psy_arrival_dodecagon, layout_loops_cross,
          dreamdust_ecumenical_altar_grove
D:2:      layout_rooms, basic_altar, minmay_tall_x
D:3:      layout_rooms, st_stairs_10
D:4:      lemuel_castle_with_subvaults [lemuel_castle_interior_carwin_2],
          layout_cave_pools, sigmund_edmund_badplayer
D:5:      layout_basic, serial_bayou_lagoon_b
D:6:      layout_basic, minivault_10
D:7:      layout_loops_ring, nicolae_qazlal_scattered_showers,
          nicolae_gozag_cash_rules_everything_around_me, slow_altar_1,
          minmay_temple_entry_nine_rooms, kennysheep_generic_room_2,
          uniq_crazy_yiuf_cottage, uniq_menkaure

Notes
Turn   | Place    | Note
-------+----------+-------------------------------------------
     0 | D:1      | demibob the Hill Orc Berserker began the quest for the Orb.
     0 | D:1      | Reached XP level 1. HP: 19/19 MP: 1/1
   135 | D:1      | Reached XP level 2. HP: 23/26 MP: 2/2
   357 | D:1      | Reached skill level 5 in Axes
   369 | D:1      | Found a faded altar of an unknown god.
   662 | D:2      | Reached XP level 3. HP: 31/31 MP: 3/3
   662 | D:2      | Found a blossoming altar of Fedhas.
   691 | D:2      | Identified the +2 short sword of a Billion Bones {flame,
                  | Will- Str+5}
   715 | D:2      | Reached ** piety under Trog
   824 | D:2      | Reached XP level 4. HP: 39/39 MP: 4/4
  1112 | D:2      | Reached skill level 6 in Axes
  1128 | D:2      | Reached skill level 3 in Armour
  1747 | D:4      | Noticed an ogre
  1753 | D:4      | Reached *** piety under Trog
  1754 | D:4      | Reached XP level 5. HP: 29/45 MP: 5/5
  1758 | D:4      | Killed an ogre
  1759 | D:4      | Reached skill level 7 in Axes
  1889 | D:4      | Reached skill level 4 in Armour
  1889 | D:4      | Reached XP level 6. HP: 37/51 MP: 6/6
  1950 | D:4      | Noticed Sigmund
  1960 | D:4      | Killed Sigmund
  1961 | D:4      | Reached skill level 8 in Axes
  1998 | D:4      | Noticed Edmund
  2015 | D:4      | Killed Edmund
  2016 | D:4      | Reached skill level 9 in Axes
  2016 | D:4      | Reached skill level 5 in Armour
  2016 | D:4      | Reached XP level 7. HP: 19/57 MP: 7/7
  2828 | D:4      | Reached skill level 10 in Axes
  2990 | D:4      | Reached XP level 8. HP: 60/60 MP: 8/8
  3032 | D:4      | Reached skill level 6 in Armour
  3036 | D:4      | Reached **** piety under Trog
  3507 | D:5      | Entered Level 5 of the Dungeon
  3521 | D:5      | Reached skill level 11 in Axes
  4144 | D:5      | Reached skill level 12 in Axes
  4201 | D:5      | Reached skill level 7 in Armour
  4732 | D:6      | Reached XP level 9. HP: 70/70 MP: 9/9
  4806 | D:6      | Reached skill level 13 in Axes
  5175 | D:6      | Reached skill level 8 in Armour
  5427 | D:7      | Identified the +0 leather armour of Hubris {Harm Will+}
  5574 | D:7      | Found a staircase to the Ecumenical Temple.
  5596 | D:7      | Reached skill level 14 in Axes
  5672 | D:7      | Found a stormy altar of Qazlal.
  5875 | D:7      | Found a runed translucent door.
  5876 | D:7      | Noticed Crazy Yiuf
  5883 | D:7      | Killed Crazy Yiuf
  5935 | D:7      | Found a snail-covered altar of Cheibriados.
  6166 | D:7      | Found an opulent altar of Gozag.
  6244 | D:7      | Noticed Menkaure
  6247 | D:7      | Reached ***** piety under Trog
  6251 | D:7      | Mangled by an orc warrior

Vanquished Creatures
  Sigmund (D:4)
  Edmund (D:4)
  3 water moccasins
  An orc warrior (D:7)
  An ice beast (D:5)
  2 black bears
  3 ogres
  A phantom (D:5)
  A kobold brigand (D:4)
  2 bullfrogs
  A necrophage (D:6)
  3 scorpions
  3 wights (D:7)
  A killer bee (D:7)
  4 howler monkeys
  2 jellies (D:4)
  8 hounds
  2 orc priests (D:7)
  An iron imp (D:7)
  Crazy Yiuf (D:7)
  2 gnoll boudas
  2 iguanas
  5 orc wizards
  28 gnolls
  4 adders
  2 shadow imps
  A white imp (D:7)
  3 worms
  2 dart slugs (D:3)
  29 orcs
  6 endoplasms
  2 giant cockroaches
  7 goblins
  5 hobgoblins
  17 jackals
  2 quokkas (D:2)
  12 ball pythons
  5 bats
  5 frilled lizards
  5 kobolds
  5 rats
191 creatures vanquished.

Vanquished Creatures (others)
  3 fungi
  9 plants
12 creatures vanquished.

Grand Total: 203 creatures vanquished

Table legend: (Time is in decaauts)
 A = Elapsed time spent in this place.
 B = Non-inter-level travel time spent in this place.
 C = Inter-level travel time spent in this place.
 D = Time resting spent in this place.
 E = Time spent auto-exploring this place.
 F = Levels seen in this place.
 G = Mean time per level.
                   A        B        C        D        E       F      G
               +--------+--------+--------+--------+--------+-----+--------+
         Total |   6282 |   6127 |    155 |    415 |   4376 |   7 |  897.4 |
       Dungeon |   6282 |   6127 |    155 |    415 |   4376 |   7 |  897.4 |
               +--------+--------+--------+--------+--------+-----+--------+

Top non-repeatable levels by time:
     D:4: 1773 daAuts
     D:5: 1229 daAuts
     D:7: 888 daAuts
     D:1: 655 daAuts
     D:6: 640 daAuts
     D:3: 561 daAuts
     D:2: 533 daAuts

Table legend:
 A = Non-vault XP
 B = Vault XP
 C = Vault XP percentage of total XP
 D = Non-vault monster count
 E = Vault monster count
 F = Vault count percentage of total count
                 A         B        C        D         E       F
            +---------+---------+-------+---------+---------+-------
      Total |    3301 |    1231 |  27.2 |     126 |      65 |  34.0
            +---------+---------+-------+---------+---------+-------
        D:1 |      27 |       0 |   0.0 |      17 |       0 |   0.0
        D:2 |      45 |      20 |  30.8 |      15 |       4 |  21.1
        D:3 |      41 |       8 |  16.3 |      19 |       4 |  17.4
        D:4 |     376 |    1014 |  72.9 |      19 |      52 |  73.2
        D:5 |     663 |       0 |   0.0 |      13 |       0 |   0.0
        D:6 |    1141 |       0 |   0.0 |      21 |       0 |   0.0
        D:7 |    1008 |     189 |  15.8 |      22 |       5 |  18.5
            +---------+---------+-------+---------+---------+-------
